 Dungeon Crawl Stone Soup version 0.30.1-11-g7821555f0a (webtiles) character file.

Game seed: 15017122500463565806

393 lonewolfV2 the Trooper (level 7, -3/55 HPs)
             Began as a Formicid Fighter on Nov 1, 2023.
             Was a Believer of Yredelemnul.
             Slain by an iguana (20 damage)
             ... on level 4 of the Dungeon.
             The game lasted 00:04:50 (2969 turns).

lonewolfV2 the Trooper (Formicid Fighter)           Turns: 2969, Time: 00:04:51

Health: -3/55      AC:  9    Str: 23    XL:     7   Next: 8%
Magic:  7/7        EV:  2    Int:  7    God:    Yredelemnul [**....]
Gold:   134        SH:  0    Dex: 13    Spells: 6/6 levels left

rFire   . . .        a - +2 war axe
rCold   . . .        c - +0 buckler
rNeg    . . .        i - +0 plate armour
rPois   .            (helmet unavailable)
rElec   .            j - +0 cloak
rCorr   .            (no gloves)
SInv    +            o - +0 pair of boots
Will    .....        p - amulet of the acrobat Stlth
                     (no ring)
HPRegen 0.29/turn    (no ring)
MPRegen 0.10/turn

%: acrobat
@: sleeping, corroded
A: permanent stasis, dig shafts and tunnels, antennae 3, four strong arms
a: Dig, Shaft Self, Renounce Religion, Recall Undead Harvest, Dark Bargain


You were on level 4 of the Dungeon.
You worshipped Yredelemnul.
Yredelemnul was noncommittal.
You visited 1 branch of the dungeon, and saw 4 of its levels.

You collected 134 gold pieces.

Inventory:

Hand Weapons
 a - a +2 war axe (weapon)
Armour
 c - a +0 buckler (worn)
 i - a +0 plate armour (worn)
 j - a +0 cloak (worn)
 o - a +0 pair of boots (worn)
Jewellery
 p - an amulet of the acrobat (around neck)
Scrolls
 k - 2 scrolls of identify
 l - a scroll of butterflies {unknown}
Potions
 b - a potion of flight {unknown}
 d - a potion of might
 e - 2 potions of heal wounds
 f - a potion of ambrosia
 g - a potion of resistance
 h - 3 potions of curing
 m - a potion of berserk rage {unknown}
 n - a potion of lignification {unknown}


   Skills:
 + Level 4.9 Fighting
 + Level 3.8 Axes
 - Level 3.2 Armour
 * Level 4.2 Dodging
 - Level 4.0 Shields


You had 6 spell levels left.
You didn't know any spells.
Your spell library contained the following spells:

 Spells                   Type           Power      Damage    Failure   Level
 Stone Arrow              Conj/Erth      0%         3d7       100%        3
 Animate Armour           Summ/Erth      0%         N/A       100%        4
 Lehudib's Crystal Spear  Conj/Erth      0%         10d2      100%        8


Dungeon Overview and Level Annotations

Branches:
Dungeon (4/15)
 Temple: D:4-7

Altars:
Qazlal
Yredelemnul

Shops:
D:4 *

Annotations:
D:4 1 runed translucent door, foxicus's ghost, amateur HOFi


Innate Abilities, Weirdness & Mutations

You cannot be hasted, slowed, berserked, paralysed or teleported.
You can dig through walls and to a lower floor.
You have a pair of large antennae on your head. (SInv)
Your four strong arms can wield two-handed weapons with a shield.


Message History

The sleepcap is heavily damaged.
You completely miss the hound. You barely miss the iguana.
The hound closely misses you.
Your iguana zombie closely misses the hound.
The hound bites you but does no damage. The sleepcap releases spores at you.
The iguana bites you.
Your gnoll zombie closely misses the hound.
Your gnoll zombie hits the sleepcap.
You hit the sleepcap but do no damage.
The sleepcap is severely damaged.
You hit the hound. You closely miss the iguana. You block the hound's attack.
Your iguana zombie closely misses the hound.
The sleepcap releases spores at you but does no damage.
The iguana bites you but does no damage.
The hound bites you but does no damage.
Your gnoll zombie hits the hound but does no damage.
Your gnoll zombie hits the sleepcap but does no damage.
Your iguana zombie closely misses the hound.
Unknown command.
You hit the sleepcap.
The sleepcap is almost destroyed.
You hit the hound but do no damage. You hit the iguana.
The hound bites you but does no damage. The iguana barely misses you.
You block the sleepcap's attack. The hound bites you but does no damage.
Your gnoll zombie hits the hound.
Your gnoll zombie hits the sleepcap.
Your iguana zombie bites the hound!
The hound dies!
The iguana bites you but does no damage.
The sleepcap releases spores at you.
* * * LOW HITPOINT WARNING * * *
You are engulfed in a cloud of soporific spores!
You fall asleep.
Your gnoll zombie hits the sleepcap but does no damage.
Your gnoll zombie hits the sleepcap.
The sleepcap releases spores at your gnoll zombie.
The iguana bites you but does no damage.
The sleepcap releases spores at your gnoll zombie!
The iguana bites you!!
You die...
Your body rises from the dead as a mindless zombie.

# #### ##### ...# #?.∩ #
##.# ##.# ...
<#.#############Z.###....
ZZZ.Z...)......ZZZ.......
...############Z@f.##....
#### #.Zl.# . ## .......#
#. .........# #.
........### #. ######
........# #.
ZZ.ZZ####......... #.
####Z.Z.#######... #.
####..##### ###.


You could see a sleepcap (distracted, ally target), an iguana, 2 friendly iguana
zombies and 4 friendly gnoll zombies.

Vanquished Creatures
  A jelly (D:4)
  A gnoll bouda (D:4)
  An iguana (D:4)
  7 gnolls (D:4)
  4 adders
  An ufetubus (D:4)
  2 worms
  2 dart slugs
  10 bats
  9 endoplasms
  A giant cockroach (D:2)
  4 goblins
  5 hobgoblins
  3 jackals (D:2)
  5 kobolds
  3 quokkas
  10 ball pythons
  7 frilled lizards
  4 rats
80 creatures vanquished.

Vanquished Creatures (collateral kills)
  A hound (D:4)
  2 iguanas (D:4)
  A gnoll (D:4)
  An adder (D:4)
  A worm (D:3)
  An endoplasm (D:4)
  A hobgoblin (D:3)
8 creatures vanquished.

Vanquished Creatures (others)
  2 adder zombies (D:4)
  2 endoplasm zombies (D:4)
  A spectral ufetubus (D:4)
5 creatures vanquished.

Grand Total: 93 creatures vanquished

Notes
Turn   | Place    | Note
-------+----------+-------------------------------------------
     0 | D:1      | lonewolfV2 the Formicid Fighter began the quest for the
                  | Orb.
     0 | D:1      | Reached XP level 1. HP: 18/18 MP: 1/1
     3 | D:1      | Noticed an electric eel
     4 | D:1      | Noticed an electric eel
   152 | D:1      | Reached XP level 2. HP: 24/24 MP: 2/2
   257 | D:1      | Reached skill level 1 in Dodging
   419 | D:1      | Reached XP level 3. HP: 28/29 MP: 3/3
   942 | D:2      | Reached XP level 4. HP: 35/37 MP: 4/4
  1272 | D:2      | Identified the +1 ring mail of Zin's Reproof {rCorr Str+3
                  | Dex-4 Stlth+}
  1626 | D:3      | Found a stormy altar of Qazlal.
  1869 | D:3      | Found a faded altar of an unknown god.
  1880 | D:3      | Prayed at the altar of an unknown god.
  1880 | D:3      | Became a worshipper of Yredelemnul the Dark
  1880 | D:3      | Reached * piety under Yredelemnul
  2146 | D:3      | Reached XP level 5. HP: 28/42 MP: 5/5
  2394 | D:4      | Reached XP level 6. HP: 32/49 MP: 6/6
  2527 | D:4      | Found a runed translucent door.
  2528 | D:4      | Noticed foxicus's ghost (amateur HOFi)
  2676 | D:4      | Reached ** piety under Yredelemnul
  2952 | D:4      | Found Biutreri's Assorted Antiques.
  2962 | D:4      | Reached XP level 7. HP: 38/55 MP: 7/7
  2969 | D:4      | Slain by an iguana

Illustrated notes

Levels and vault maps discovered:
D:1:      arrival_aquarium_b, layout_loops_ring, st_stairs_5
D:2:      layout_rooms, serial_park_tiny_pond, minmay_shallow_snake_nest
D:3:      layout_loops_ring, mainiacjoe_overflow_alcove_1,
          hellmonk_ecumenical_altar_slurped_away, hangedman_decor_points
D:4:      layout_basic, ebering_ghost_sewer_f, serial_shops,
          nicolae_shop_window_shopping

Skill      XL: |  1  2  3  4  5  6 |
---------------+-------------------+-----
Dodging        | 1 2 3 4 |  4.2
Fighting       | 4 |  4.9
Axes           | 3 |  3.8
Armour         | |  3.2
Shields        | |  4.0

Action                     |  1- 3 |  4- 6 |  7- 9 || total
---------------------------+-------+-------+-------++-------
  Melee: War axe           |    78 |   124 |     5 ||   207
    Use: Scroll            |     3 |     8 |       ||    11
 Armour: Scale mail        |    49 |    10 |       ||    59
         Plate armour      |       |    76 |    11 ||    87
  Dodge: Dodged            |    68 |    56 |     4 ||   128
  Block: Buckler           |    28 |    36 |     2 ||    66
